 Dungeon Crawl Stone Soup version 0.24-a0-368-g0e0cebd0f3 (webtiles) character file.

Game seed: 6543960204530199801

53 TheOvate the Sneak (level 4, -4/24 HPs)
             Began as a Kobold Enchanter on May 28, 2019.
             Was an Initiate of Dithmenos.
             Slain by a gnoll
             ... wielding a +0 halberd
              (9 damage)
             ... on level 2 of the Dungeon.
             The game lasted 00:04:13 (1323 turns).

TheOvate the Sneak (Kobold Enchanter)               Turns: 1323, Time: 00:04:14

Health: -4/24      AC:  2    Str:  5 (6)  XL:     4   Next: 11%
Magic:  1/7        EV: 15    Int: 18 (21) God:    Dithmenos [......]
Gold:   51         SH:  0    Dex: 12 (15) Spells: 4/7 levels left

rFire    . . .     SeeInvis .   a - +1 dagger
rCold    . . .     Gourm    .   (shield restricted)
rNeg     . . .     Faith    .   b - +0 robe
rPois    .         Spirit   .   (no helmet)
rElec    .         Reflect  .   (no cloak)
rCorr    .         Harm     .   (no gloves)
MR       .....                  (no boots)
Stlth    +++.......             (no amulet)
HPRegen  0.08/turn              (no ring)
MPRegen  0.10/turn              (no ring)

@: brilliant
A: small, carnivore
a: Renounce Religion


You were on level 2 of the Dungeon.
You worshipped Dithmenos.
Dithmenos was noncommittal.
You were completely stuffed.

You visited 1 branch of the dungeon, and saw 2 of its levels.

You collected 51 gold pieces.

Inventory:

Hand Weapons
 a - a +1 dagger (weapon)
Armour
 b - a +0 robe (worn)
Scrolls
 e - a scroll of identify
Potions
 f - a potion of degeneration
Comestibles
 d - 3 rations


   Skills:
 + Level 0.4 Fighting
 + Level 2.5 Short Blades
 + Level 2.5 Dodging
 + Level 4.9 Stealth
 + Level 2.4 Spellcasting
 + Level 3.3 Hexes
 + Level 0.5 Ice Magic


You had 4 spell levels left.
You knew the following spells:

 Your Spells              Type           Power        Failure   Level  Hunger
a - Corona                Hex            ####...      1%          1    #......
b - Ensorcelled Hibernat  Hex/Ice        ###...       1%          2    ##.....

Your spell library contained the following spells:

 Spells                   Type           Power        Failure   Level  Hunger
 Confuse                  Hex            ####....     1%          3    ###....
 Tukima's Dance           Hex            ####....     1%          3    ###....
 Dazzling Spray           Conj/Hex       ###...       3%          3    ###....


Dungeon Overview and Level Annotations

Branches:
Dungeon (2/15)

Altars:
Dithmenos

Annotations:
D:2 Natasha


Innate Abilities, Weirdness & Mutations

You are small and have problems with some larger weapons.
You are carnivorous and can eat meat at any time.


Message History

The gnoll misses you. The gnoll barely misses you.
As you read the scroll labeled WETHRUO GEUS, it crumbles to dust.
It is a scroll of identify.
You don't have any unidentified items.
The gnoll closely misses you.
You hit the gnoll.
The gnoll is lightly wounded.
The gnoll hits you but does no damage.
Casting: Ensorcelled Hibernation (safe; 1% risk of failure)
Confirm with . or Enter, or press ? or * to list all spells.
Aiming: Corona (safe; 1% risk of failure)
Press: ? - help, Shift-Dir - straight line, f/p - gnoll
Aim: a gnoll, wielding a +0 halberd (lightly wounded, chance to defeat MR: 73%)
Okay, then.
You hit the gnoll.
The gnoll is moderately wounded.
The gnoll hits you.
* * * LOW HITPOINT WARNING * * *
The gnoll hits you with a +0 halberd!
You die...

≈≈≈≈≈≈[.....##
≈..≈≈≈≈......##
._.≈≈≈≈.....g.##
..≈≈≈≈......#..##
≈≈≈≈≈≈......##..##
≈≈≈≈≈≈≈..######..#
≈≈≈≈≈≈≈..# ##.#
≈≈..≈≈...# #g#
.≈....≈..## #@##
.#######..### #.g#
##<..# ##.# ###.# #.#
########.# #.#
.......<.# #.#
############# ##.###
....############....#
...#.............(..#


You could see 2 gnolls.

Vanquished Creatures
  Jessica (D:2)
  A gnoll (D:2)
  A leopard gecko (D:1)
  3 bats
  2 giant cockroaches (D:1)
  2 goblins
  A hobgoblin (D:1)
  A kobold (D:1)
  A quokka (D:2)
  A ball python (D:2)
  2 frilled lizards
  A rat (D:1)
17 creatures vanquished.

Notes
Turn   | Place    | Note
-------+----------+-------------------------------------------
     0 | D:1      | TheOvate the Kobold Enchanter began the quest for the Orb.
     0 | D:1      | Reached XP level 1. HP: 10/10 MP: 3/3
   633 | D:1      | Reached XP level 2. HP: 15/15 MP: 5/5
   728 | D:1      | Learned a level 2 spell: Ensorcelled Hibernation
  1057 | D:2      | Found a faded altar of an unknown god.
  1093 | D:2      | Noticed Natasha
  1172 | D:2      | Noticed Jessica
  1179 | D:2      | Killed Jessica
  1179 | D:2      | Reached XP level 3. HP: 20/20 MP: 6/6
  1240 | D:2      | Found a shadowy altar of Dithmenos.
  1248 | D:2      | Became a worshipper of Dithmenos the Shadowed
  1314 | D:2      | Reached XP level 4. HP: 24/24 MP: 4/7
  1323 | D:2      | Slain by a gnoll

Levels and vault maps discovered:
D:1:      scummos_arrival_simple_crosswalls, layout_loops_cross,
          minmay_tetromino_t4
D:2:      minmay_alternating_diamond, layout_rooms,
          lemuel_coloured_pillars_altar, chequers_ecumenical_altar_island,
          minmay_misc_feat_chi, uniq_jessica, uniq_natasha

Skill      XL: |  1  2 |
---------------+-------+-----
Short Blades   | 2 |  2.5
Fighting       | |  0.4
Dodging        | |  2.5
Stealth        | |  4.9
Spellcasting   | |  2.4
Hexes          | |  3.3
Ice Magic      | |  0.5

Action                   |  1- 3 |  4- 6 || total
-------------------------+-------+-------++-------
Melee: Dagger            |    42 |     4 ||    46
 Cast: Corona            |     3 |       ||     3
       Ensorcelled Hiber |     8 |     2 ||    10
  Use: Potion            |     2 |     1 ||     3
       Scroll            |       |     1 ||     1
 Stab: Sleeping          |    11 |       ||    11
  Eat: Chunk             |    10 |       ||    10
Armor: Robe              |     6 |     1 ||     7
Dodge: Dodged            |    33 |     8 ||    41

Table legend:
 A = Non-vault XP
 B = Vault XP
 C = Vault XP percentage of total XP
 D = Non-vault monster count
 E = Vault monster count
 F = Vault count percentage of total count
                 A         B        C        D         E       F
            +---------+---------+-------+---------+---------+-------
      Total |      39 |      38 |  49.4 |      15 |       2 |  11.8
            +---------+---------+-------+---------+---------+-------
        D:1 |      17 |       1 |   5.6 |       9 |       1 |  10.0
        D:2 |      22 |      37 |  62.7 |       6 |       1 |  14.3
            +---------+---------+-------+---------+---------+-------
